[Event "Outaouais-ch Reserve"]
[Site "Gatineau CAN"]
[Date "2022.05.17"]
[Round "3"]
[White "Simard, Paul"]
[Black "Brault, Jean-Francois"]
[Result "0-1"]
[ECO "A47"]
[WhiteElo "1252"]
[BlackElo "1495"]
[PlyCount "68"]
[EventDate "2022.05.03"]
[EventType "swiss"]
[EventRounds "7"]
[EventCountry "CAN"]
[TimeControl "90/30:0"]

1. d4 Nf6 2. Bf4 e6 3. e3 c5 4. Nf3 b6 5. c3 Bb7 6. Be2 d6 7. O-O Nh5 8. Bg3
Nxg3 9. fxg3 Nd7 10. Nbd2 Be7 11. Nc4 O-O 12. Qc2 b5 13. Ncd2 a6 14. a3 f5 15.
c4 Bf6 16. cxb5 cxd4 17. exd4 Qb6 18. Qc4 Bd5 19. Qd3 Rfc8 20. Kh1 a5 21. Ng1
Qb7 22. Ndf3 Nb6 23. Qd2 Rc7 24. Nh3 Rac8 25. Rac1 Nc4 26. Bxc4 Bxc4 27. Rfe1
Bd5 28. Rf1 Rxc1 29. Rxc1 Rxc1+ 30. Qxc1 Bxf3 31. gxf3 Qxf3+ 32. Kg1 Bxd4+ 33.
Nf2 Qxf2+ 34. Kh1 Qf3# 0-1

[Event "Outaouais-ch Reserve"]
[Site "Gatineau CAN"]
[Date "2022.05.31"]
[Round "5"]
[White "Brault, Jean-Francois"]
[Black "Lavoie, Aren"]
[Result "1-0"]
[ECO "A22"]
[WhiteElo "1495"]
[BlackElo "1387"]
[PlyCount "79"]
[EventDate "2022.05.03"]
[EventType "swiss"]
[EventRounds "7"]
[EventCountry "CAN"]
[TimeControl "90/30:0"]

1. c4 e5 2. Nc3 Nf6 3. g3 d5 4. cxd5 Nxd5 5. Bg2 Be6 6. d4 Bb4 7. Bd2 exd4 8.
Nxd5 Bxd2+ 9. Qxd2 Bxd5 10. e4 Bc4 11. Ne2 c5 12. O-O Nc6 13. Rfc1 Bxe2 14.
Qxe2 b6 15. e5 Rc8 16. f4 O-O 17. Be4 Nb4 18. Rd1 Nd5 19. Qd3 g6 20. e6 Ne3 21.
Rd2 f5 22. Bb7 Rc7 23. Re1 Qe7 24. Ba6 Rf6 25. Bc4 a6 26. a4 Kg7 27. Rde2 Rc6
28. Ba2 a5 29. h3 Qd6 30. Qb5 Kf8 31. Rd2 Nd5 32. Re5 Rxe6 33. Bxd5 Rxe5 34.
Bxc6 Re1+ 35. Kg2 Qe6 36. Bf3 Qe3 37. Rf2 d3 38. Qxb6 Re2 39. Qf6+ Ke8 40. Bc6#
1-0

[Event "Outaouais-ch Reserve"]
[Site "Gatineau CAN"]
[Date "2022.06.07"]
[Round "6"]
[White "Brault, Jean-Francois"]
[Black "Thompson, Francis"]
[Result "0-1"]
[ECO "D75"]
[WhiteElo "1495"]
[BlackElo "1487"]
[PlyCount "68"]
[EventDate "2022.05.03"]
[EventType "swiss"]
[EventRounds "7"]
[EventCountry "CAN"]
[TimeControl "90/30:0"]

1. c4 Nf6 2. Nc3 d5 3. cxd5 Nxd5 4. g3 g6 5. Bg2 c6 6. Nf3 Bg7 7. O-O O-O 8. d4
c5 9. e4 Nxc3 10. bxc3 cxd4 11. cxd4 Nc6 12. Bb2 Bg4 13. e5 Qb6 14. Qd2 Rad8
15. d5 Bxf3 16. Bxf3 Nxe5 17. Bxe5 Bxe5 18. Rab1 Qf6 19. Bg2 b6 20. Qe2 Bd4 21.
Rbc1 Bc5 22. Rc2 a5 23. Qa6 Qd6 24. Qc4 Rc8 25. Qg4 h5 26. Qg5 Kg7 27. Be4 f5
28. Bf3 Be3 29. fxe3 Rxc2 30. Bxh5 Qf6 31. Qxf6+ Rxf6 32. Bf3 Rxa2 33. Rc1 Rd6
34. Rc6 Rd2 0-1

[Event "Outaouais-ch Reserve"]
[Site "Gatineau CAN"]
[Date "2022.06.07"]
[Round "6"]
[White "Chenard, Paul"]
[Black "Jacques, Olivier"]
[Result "0-1"]
[ECO "C55"]
[WhiteElo "1150"]
[BlackElo "1155"]
[PlyCount "82"]
[EventDate "2022.05.03"]
[EventType "swiss"]
[EventRounds "7"]
[EventCountry "CAN"]
[TimeControl "90/30:0"]

1. e4 e5 2. Nf3 Nc6 3. Bc4 Nf6 4. Nc3 Bb4 5. Nb5 Nxe4 6. O-O O-O 7. d3 Nf6 8.
a3 Be7 9. h3 d5 10. Bb3 a6 11. Nc3 d4 12. Ne4 Nxe4 13. dxe4 Be6 14. Ba2 Bxa2
15. Rxa2 Bd6 16. Ng5 h6 17. Nf3 Ne7 18. h4 Ng6 19. g3 c5 20. c3 b5 21. h5 Ne7
22. b4 c4 23. cxd4 Nc6 24. d5 Ne7 25. Rd2 Rc8 26. Nxe5 Bxe5 27. f4 Qb6+ 28. Kg2
Bb8 29. Bb2 c3 30. Bxc3 Rxc3 31. Qg4 f5 32. exf5 Nxf5 33. Re2 Ne3+ 34. Rxe3
Qxe3 35. Rf2 Ba7 36. Qe6+ Qxe6 37. dxe6 Bxf2 38. Kxf2 Re8 39. f5 Kf8 40. g4 Ke7
41. Ke2 Rd8 0-1

[Event "Outaouais-ch Reserve"]
[Site "Gatineau CAN"]
[Date "2022.06.07"]
[Round "6"]
[White "Obayojie, Emmanuel"]
[Black "Labelle, Raymond"]
[Result "1-0"]
[ECO "D43"]
[WhiteElo "1670"]
[BlackElo "1536"]
[PlyCount "37"]
[EventDate "2022.05.03"]
[EventType "swiss"]
[EventRounds "7"]
[EventCountry "CAN"]
[TimeControl "90/30:0"]

1. d4 d5 2. Nf3 h6 3. c4 c6 4. Nc3 Nf6 5. Bf4 e6 6. Qc2 Bd6 7. Ne5 b6 8. e4 Bb7
9. Ng6 fxg6 10. e5 Nh5 11. Qxg6+ Kf8 12. Qxh5 Be7 13. h4 Qe8 14. Qf3 Nd7 15. h5
Qf7 16. Bd3 Bb4 17. Bg6 Qg8 18. Bg5+ Nf6 19. Bxf6 1-0

[Event "Outaouais-ch Reserve"]
[Site "Gatineau CAN"]
[Date "2022.06.14"]
[Round "7"]
[White "Arcand, Pierre"]
[Black "Lecorre, Joel"]
[Result "0-1"]
[ECO "C02"]
[WhiteElo "1276"]
[BlackElo "1519"]
[PlyCount "68"]
[EventDate "2022.05.03"]
[EventType "swiss"]
[EventRounds "7"]
[EventCountry "CAN"]
[TimeControl "90/30:0"]

1. e4 e6 2. d4 d5 3. e5 c5 4. Nf3 Nc6 5. dxc5 Bxc5 6. Nc3 a6 7. Be2 Nge7 8. O-O
O-O 9. Bf4 Ng6 10. Bg3 b5 11. a3 Bb7 {la transcription dit Fc7} 12. b4 Bb6 13.
Nb1 Bc7 14. Nbd2 Ncxe5 15. Nxe5 Nxe5 16. Bxe5 Bxe5 17. Ra2 Qc7 18. g3 Rac8 19.
Bd3 Bc3 20. Nb1 Bf6 21. Qh5 h6 22. Nd2 e5 23. Qf5 e4 24. Be2 Rfe8 25. Qh3 Rcd8
26. Bd1 d4 27. f3 e3 28. Nb1 e2 29. Bxe2 Rxe2 30. Rf2 Rxf2 31. Kxf2 Qc4 32. Ra1
Qxc2+ 33. Kg1 d3 34. Qg2 Bxa1 0-1

[Event "Outaouais-ch Reserve"]
[Site "Gatineau CAN"]
[Date "2022.06.14"]
[Round "7"]
[White "Blais, Robert"]
[Black "Brault, Jean-Francois"]
[Result "1/2-1/2"]
[ECO "B20"]
[WhiteElo "1581"]
[BlackElo "1496"]
[PlyCount "59"]
[EventDate "2022.05.03"]
[EventType "swiss"]
[EventRounds "7"]
[EventCountry "CAN"]
[TimeControl "90/30:0"]

1. e4 c5 2. Nf3 g6 3. c4 Bg7 4. Nc3 Nc6 5. d3 Nd4 6. Be3 e5 7. Nd5 Ne7 8. Be2
O-O 9. O-O d6 10. Qd2 f5 11. Bxd4 exd4 12. Nxe7+ Qxe7 13. exf5 Bxf5 14. Rfe1
Rae8 15. Bf1 Qd8 16. Rxe8 Rxe8 17. Re1 Bd7 18. Rxe8+ Bxe8 19. Qe1 Bc6 20. Qe6+
Kh8 21. Be2 Bxf3 22. Bxf3 b6 23. Bd5 a5 24. a4 Be5 25. g3 g5 26. Qf7 Bg7 27.
Kg2 Qf8 28. Qh5 Bf6 29. Qf7 Qxf7 30. Bxf7 1/2-1/2

[Event "Outaouais-ch U20"]
[Site "Gatineau CAN"]
[Date "2022.09.20"]
[Round "2"]
[White "Azar, Sebastien"]
[Black "Creo, Jeremy"]
[Result "1-0"]
[ECO "B27"]
[WhiteElo "2015"]
[BlackElo "1447"]
[PlyCount "43"]
[EventDate "2022.09.16"]
[EventType "tourn"]
[EventRounds "5"]
[EventCountry "CAN"]
[TimeControl "90/30:0"]

1. e4 c5 2. Nf3 d5 3. exd5 Nf6 4. d4 Qxd5 5. Nc3 Qd8 6. Bb5+ Bd7 7. O-O e6 8.
Bg5 Be7 9. dxc5 O-O 10. Qe2 Bxc5 11. Rad1 Bxb5 12. Qxb5 Qb6 13. Bxf6 gxf6 14.
Qc4 Qb4 15. Qe2 Qxb2 16. Rd3 Bb6 17. Rb1 Qa3 18. Nd5 Qxa2 19. Nxf6+ Kh8 20.
Rbd1 Qb2 21. Ne5 Nc6 22. Qh5 1-0

[Event "Outaouais-ch U20"]
[Site "Gatineau CAN"]
[Date "2022.09.20"]
[Round "2"]
[White "Pestieau, Gabriel"]
[Black "Latreille, Etienne"]
[Result "0-1"]
[ECO "D15"]
[WhiteElo "1480"]
[BlackElo "2124"]
[PlyCount "62"]
[EventDate "2022.09.16"]
[EventType "tourn"]
[EventRounds "5"]
[EventCountry "CAN"]
[TimeControl "90/30:0"]

1. d4 d5 2. c4 c6 3. Nc3 Nf6 4. Nf3 a6 5. Qc2 g6 6. Bg5 Bg7 7. e3 b5 8. cxd5
cxd5 9. Bd3 Bb7 10. O-O O-O 11. Rfc1 Nbd7 12. b4 Rc8 13. Qb3 Nb6 14. a4 bxa4
15. Nxa4 Nxa4 16. Qxa4 Qb6 17. Ne5 Qd6 18. Bxf6 Bxf6 19. Nd7 Rfd8 20. Nc5 Bc6
21. Qb3 e5 22. Rxa6 exd4 23. b5 dxe3 24. Rxc6 exf2+ 25. Kh1 Rxc6 26. bxc6 Qf4
27. Qd1 Re8 28. Qf1 Qxc1 29. Qxc1 Re1+ 30. Bf1 Rxc1 31. g3 Rxc5 0-1

[Event "Outaouais-ch U20"]
[Site "Gatineau CAN"]
[Date "2022.09.27"]
[Round "3"]
[White "Azar, Sebastien"]
[Black "Latreille, Etienne"]
[Result "1/2-1/2"]
[ECO "B35"]
[WhiteElo "2015"]
[BlackElo "2124"]
[PlyCount "150"]
[EventDate "2022.09.16"]
[EventType "tourn"]
[EventRounds "5"]
[EventCountry "CAN"]
[TimeControl "90+30"]

1. e4 c5 2. Nf3 Nc6 3. d4 cxd4 4. Nxd4 g6 5. Nc3 Bg7 6. Be3 Nf6 7. Bc4 O-O 8.
Qe2 Nxe4 9. Nxc6 Nxc3 10. Nxd8 Nxe2 11. Nxf7 Rxf7 12. Bxf7+ Kxf7 13. Kxe2 Bxb2
14. Rab1 Bf6 15. Rhd1 b6 16. Rb4 d6 17. Ra4 Bd7 18. Ra3 Bb5+ 19. Kd2 Bc6 20. f3
h5 21. Ke2 g5 22. Kf2 g4 23. fxg4 hxg4 24. g3 Ke6 25. Rb1 Be5 26. Rb4 Rf8+ 27.
Kg1 Bf3 28. Rxa7 Rc8 29. c4 Bc3 30. Rxb6 Rxc4 31. Rb1 Bf6 32. Ra3 Rc2 33. Bf2
d5 34. Re1+ Kf5 35. h3 e5 36. Rf1 e4 37. hxg4+ Kxg4 38. Rxf3 exf3 39. Rd1 d4
40. a3 Rc3 41. Ra1 d3 42. Be3 Kxg3 43. Kf1 Rc2 44. Rd1 Ra2 45. a4 Rxa4 46. Bf2+
Kf4 47. Rxd3 Ra1+ 48. Be1 Ke4 49. Rb3 Ra2 50. Rb1 Bd4 51. Rd1 Rg2 52. Rxd4+
Kxd4 53. Bf2+ Kd3 54. Bc5 Rc2 55. Bb6 Ke4 56. Ba7 Rc6 57. Kf2 Rc2+ 58. Ke1 Kf4
59. Kf1 Kg4 60. Bd4 Kf4 61. Ba7 Ra2 62. Bd4 Kg4 63. Bc5 Kh3 64. Bd4 Kh4 65. Bc5
Kg5 66. Bb6 Kf6 67. Bd4+ Ke6 68. Be3 Kd5 69. Bb6 Kc4 70. Be3 Kd3 71. Bc5 Rg2
72. Bb6 Kc2 73. Bc5 Kd1 74. Bb6 Rh2 75. Be3 f2 1/2-1/2

[Event "Outaouais-ch U20"]
[Site "Gatineau CAN"]
[Date "2022.09.27"]
[Round "3"]
[White "Creo, Jeremy"]
[Black "Fiset, Anais Chloe"]
[Result "1/2-1/2"]
[ECO "B15"]
[WhiteElo "1447"]
[BlackElo "1636"]
[PlyCount "58"]
[EventDate "2022.09.16"]
[EventType "tourn"]
[EventRounds "5"]
[EventCountry "CAN"]
[TimeControl "90/30:0"]

1. e4 c6 2. d4 d5 3. Nc3 dxe4 4. Nxe4 Nf6 5. Nxf6+ exf6 6. Nf3 Bf5 7. Be2 Bd6
8. O-O O-O 9. c4 Nd7 10. Be3 Re8 11. Rc1 Nf8 12. a3 Ng6 13. d5 cxd5 14. cxd5
Be4 15. Kh1 Bf4 16. Rc3 Qxd5 17. Qxd5 Bxd5 18. Rd1 Bxe3 19. Rxe3 Nf4 20. Rd2
Rac8 21. h3 Red8 22. Bd3 Rc6 23. Be4 Rcd6 24. Bxd5 Rxd5 25. Rxd5 Nxd5 26. Re2
h6 27. Rd2 Kf8 28. Ne1 Ke7 29. Re2+ Kd6 1/2-1/2

[Event "Outaouais-ch U20"]
[Site "Gatineau CAN"]
[Date "2022.10.04"]
[Round "4"]
[White "Pestieau, Gabriel"]
[Black "Creo, Jeremy"]
[Result "1-0"]
[ECO "E11"]
[WhiteElo "1480"]
[BlackElo "1447"]
[PlyCount "102"]
[EventDate "2022.09.16"]
[EventType "tourn"]
[EventRounds "5"]
[EventCountry "CAN"]
[TimeControl "90/30:0"]

1. d4 Nf6 2. c4 e6 3. Nf3 Bb4+ 4. Bd2 Bxd2+ 5. Qxd2 O-O 6. Nc3 d5 7. e3 Nbd7 8.
cxd5 Nxd5 9. Bd3 c5 10. O-O cxd4 11. Nxd4 Ne5 12. Bb1 Ng4 13. h3 e5 14. Nf3
Ndxe3 15. fxe3 Qxd2 16. Nxd2 Nxe3 17. Re1 Rd8 18. Rxe3 Rxd2 19. Rxe5 Bd7 20.
Rd5 Rxd5 21. Nxd5 Be6 22. Nc7 Rc8 23. Nxe6 fxe6 24. Be4 b6 25. Rd1 Rc7 26. Kh2
h6 27. Rf1 Rf7 28. Rxf7 Kxf7 29. Kg3 Kf6 30. Kf4 g5+ 31. Kg4 Ke5 32. Bc2 Kf6
33. Kh5 Kg7 34. a4 e5 35. b4 a5 36. bxa5 bxa5 37. Be4 Kf7 38. Kxh6 Kf6 39. g4
Kf7 40. Kxg5 Kg7 41. h4 Kh8 42. h5 Kg7 43. h6+ Kh8 44. Kf6 Kg8 45. g5 Kh8 46.
g6 Kg8 47. Bd5+ Kf8 48. g7+ Ke8 49. g8=Q+ Kd7 50. Qe6+ Kd8 51. Qe7+ Kc8 1-0

[Event "Outaouais-ch U20"]
[Site "Gatineau CAN"]
[Date "2022.10.11"]
[Round "5"]
[White "Azar, Sebastien"]
[Black "Pestieau, Gabriel"]
[Result "1-0"]
[ECO "B10"]
[WhiteElo "2015"]
[BlackElo "1480"]
[PlyCount "53"]
[EventDate "2022.09.16"]
[EventType "tourn"]
[EventRounds "5"]
[EventCountry "CAN"]
[TimeControl "90/30:0"]

1. e4 c6 2. Nf3 d5 3. exd5 cxd5 4. Ne5 Qc7 5. Bb5+ Nc6 6. d4 Bf5 7. Bf4 Qb6 8.
Nc3 e6 9. Qe2 Nge7 10. O-O Rc8 11. g4 Bg6 12. h4 a6 13. Ba4 h5 14. Bg5 Bh7 15.
Rfe1 Bg8 16. Bxe7 Bxe7 17. Nxd5 Qa5 18. Nxe7 Kxe7 19. Bb3 Nxe5 20. dxe5 hxg4
21. Qxg4 Kf8 22. Re4 Bh7 23. Rd1 {ce coup n'a pas Ã tÃ  jouÃ  durant la partie
mais a dÃ>> Ã|_tre ajoutÃ . L'Ã tat de la partie redevient valide au coup 24}
Bg6 24. Rd7 Bxe4 25. Rxf7+ Kxf7 26. Qxe6+ Kf8 27. Qf7# 1-0

[Event "Ruy Lopez"]
[Site "Gatineau CAN"]
[Date "2022.11.01"]
[Round "1"]
[White "Brault, Jean-Francois"]
[Black "Scantland, Patrick"]
[Result "0-1"]
[ECO "A25"]
[WhiteElo "1451"]
[BlackElo "1720"]
[PlyCount "38"]
[EventDate "2022.11.01"]
[EventType "swiss"]
[EventRounds "7"]
[EventCountry "CAN"]
[TimeControl "90/30:0"]

1. c4 e5 2. g3 Nf6 3. Bg2 Nc6 4. Nc3 Bb4 5. Nd5 Be7 6. b3 d6 7. Bb2 Be6 8. Nxe7
Qxe7 9. d4 exd4 10. Bxd4 Rd8 11. Bxf6 Qxf6 12. e3 O-O 13. Ne2 Ne5 14. O-O Nf3+
15. Kh1 Bg4 16. Ng1 Nxh2 17. Qd4 Qh6 18. Bxb7 Nf3+ 19. Kg2 Qh2# 0-1

[Event "Ruy Lopez"]
[Site "Gatineau CAN"]
[Date "2022.11.01"]
[Round "1"]
[White "Latreille, Etienne"]
[Black "Arsenault, Michel"]
[Result "1-0"]
[ECO "B31"]
[WhiteElo "2094"]
[BlackElo "1854"]
[PlyCount "107"]
[EventDate "2022.11.01"]
[EventType "swiss"]
[EventRounds "7"]
[EventCountry "CAN"]
[TimeControl "90+30"]

1. e4 c5 2. Nf3 Nc6 3. Bb5 g6 4. O-O Bg7 5. c3 Nf6 6. Re1 O-O 7. d4 cxd4 8.
cxd4 d5 9. e5 Ne8 10. h3 Nc7 11. Bxc6 bxc6 12. Qc2 Qd7 13. Nbd2 Ne6 14. Nb3 Rb8
15. Bd2 Ba6 16. Rac1 Rfc8 17. Ng5 Bc4 18. Nxe6 Bxb3 19. axb3 Qxe6 20. b4 Rb6
21. Ra1 Rc7 22. Ra5 Rbb7 23. Qc5 f6 24. Bf4 g5 25. Bg3 f5 26. f4 Bh6 27. fxg5
Bxg5 28. Re2 Qh6 29. Ra6 Bd2 30. Qc2 Bxb4 31. Qxf5 e6 32. Qf6 Bf8 33. Bf4 Qg6
34. Rf2 Be7 35. Qxg6+ hxg6 36. Rc2 Rb6 37. Ra1 c5 38. Bd2 Rb5 39. Kh2 c4 40.
Bc1 Rcb7 41. Ra6 R5b6 42. Ra1 Kf8 43. Rf2+ Ke8 44. Kg3 Rb3+ 45. Kg4 Rd3 46. Rf4
Rbb3 47. Rf6 Bxf6 48. exf6 Rxd4+ 49. Kg5 Rg3+ 50. Kh6 Kf7 51. Bg5 Rxg2 52.
Rxa7+ Kf8 53. h4 Rxb2 54. Kxg6 1-0

[Event "Ruy Lopez"]
[Site "Gatineau CAN"]
[Date "2022.11.01"]
[Round "1"]
[White "Legault, Stephane"]
[Black "Lecorre, Joel"]
[Result "0-1"]
[ECO "C01"]
[WhiteElo "1425"]
[BlackElo "1504"]
[PlyCount "100"]
[EventDate "2022.11.01"]
[EventType "swiss"]
[EventRounds "7"]
[EventCountry "CAN"]
[TimeControl "90/30:0"]

1. e4 e6 2. d4 d5 3. exd5 exd5 4. Nc3 Nf6 5. Nf3 Bd6 6. Bg5 c6 7. Be2 Be6 8. a3
Nbd7 9. O-O O-O 10. Re1 Qc7 11. b4 a6 12. g3 h6 13. Bc1 b6 14. Na4 Ne4 15. Bb2
f5 16. Bd3 Rfe8 17. Bxe4 fxe4 18. Nh4 Nf6 19. Ng2 Bg4 20. Qd2 Rf8 21. Rac1 Bf3
22. Nh4 Bg4 23. Re3 g5 24. Ng2 Rae8 25. Ba1 Nh5 26. Nb2 Qd7 27. c4 Bf3 28. Ne1
g4 29. Ng2 Re6 30. c5 Bc7 31. cxb6 Bxb6 32. Na4 Ba7 33. Nc5 Bxc5 34. dxc5 Qf7
35. Qd4 Kh7 36. Nf4 Nxf4 37. gxf4 Rg8 38. Kf1 Qh5 39. Ke1 Qxh2 40. Rxf3 exf3+
41. Kd2 Re2+ 42. Kc3 Qxf2 43. Qd3+ Re4 44. Kb3 Rg6 45. Qxa6 Qe3+ 46. Ka4 d4 47.
f5 Rf6 48. Qb7+ Re7 49. Qb8 Qxc1 50. Bxd4 Qd1+ 0-1

[Event "Ruy Lopez"]
[Site "Gatineau CAN"]
[Date "2022.11.01"]
[Round "1"]
[White "Scrieciu, Cristian"]
[Black "Hamon, Vincent"]
[Result "1-0"]
[ECO "D15"]
[WhiteElo "1081"]
[BlackElo "1451"]
[PlyCount "105"]
[EventDate "2022.11.01"]
[EventType "swiss"]
[EventRounds "7"]
[EventCountry "CAN"]
[TimeControl "90+30"]

1. d4 d5 2. c4 c6 3. Nc3 Nf6 4. Nf3 a6 5. e3 Bf5 6. Bd3 Bxd3 7. Qxd3 e6 8. O-O
Bd6 9. e4 dxc4 10. Qxc4 b5 11. Qd3 Be7 12. e5 Nd5 13. Rd1 O-O 14. Ne4 h6 15.
Be3 Nxe3 16. Qxe3 Qb6 17. Rac1 Nd7 18. Nc5 Rad8 19. Rd2 Nxc5 20. dxc5 Qa5 21.
a3 Rxd2 22. Qxd2 Qxd2 23. Nxd2 Bg5 24. Rc2 Rd8 25. Nf1 Rd1 26. g3 Rc1 27. Re2
Rxc5 28. f4 Bd8 29. Ne3 Bb6 30. Kg2 Rc1 31. Nc2 c5 32. Kf3 a5 33. Ke4 Rb1 34.
Ne3 c4 35. Rc2 Bxe3 36. Kxe3 Rd1 37. Rd2 Rxd2 38. Kxd2 f6 39. Kc3 fxe5 40. fxe5
Kf7 41. Kd4 Kg6 42. Kc5 Kf5 43. Kxb5 Kxe5 44. Kxc4 Ke4 45. b4 axb4 46. axb4 e5
47. b5 Kf3 48. b6 e4 49. b7 e3 50. b8=Q e2 51. Qf4+ Kg2 52. Qe4+ Kf1 53. Qf3+
1-0

[Event "Ruy Lopez"]
[Site "Gatineau CAN"]
[Date "2022.11.01"]
[Round "1"]
[White "Simard, Francois"]
[Black "Jacques, Olivier"]
[Result "1-0"]
[ECO "B01"]
[WhiteElo "1386"]
[BlackElo "1262"]
[PlyCount "105"]
[EventDate "2022.11.01"]
[EventType "swiss"]
[EventRounds "7"]
[EventCountry "CAN"]
[TimeControl "90/30:0"]

1. e4 d5 2. exd5 Qxd5 3. Nc3 Qa5 4. Nf3 Nf6 5. d4 Bf5 6. Bd3 Bg6 7. O-O e6 8.
Bf4 Bd6 9. Bxd6 cxd6 10. Re1 O-O 11. Qd2 Bxd3 12. Qxd3 Nc6 13. a3 a6 14. b4 Qc7
15. Ne4 Nxe4 16. Rxe4 g6 17. Qd2 Ne7 18. Rc1 Rae8 19. c4 Nf5 20. Qc3 Qc6 21.
Rce1 d5 22. Ne5 Qc7 23. R4e2 f6 24. Ng4 Qxc4 25. Qxc4 dxc4 26. Rxe6 Rxe6 27.
Rxe6 Kg7 28. d5 c3 29. Re1 c2 30. Rc1 Rc8 31. Kf1 Nd4 32. d6 Rd8 33. Ne3 Rxd6
34. Ke1 f5 35. Nxc2 Re6+ 36. Kd1 Ne2 37. Ra1 Kf6 38. Kd2 Kg5 39. Re1 Nf4 40. g3
Rxe1 41. gxf4+ Kxf4 42. Nxe1 g5 43. Ke2 b5 44. Nd3+ Kg4 45. Kf1 Kh3 46. Kg1 h5
47. Nc5 f4 48. Nxa6 g4 49. Nc7 h4 50. Nxb5 g3 51. hxg3 hxg3 52. fxg3 Kxg3 53.
Nd4 1-0

[Event "Ruy Lopez"]
[Site "Gatineau CAN"]
[Date "2022.11.01"]
[Round "1"]
[White "Thompson, Francis"]
[Black "Thibault, Mario"]
[Result "1-0"]
[ECO "A30"]
[WhiteElo "1690"]
[BlackElo "1718"]
[PlyCount "97"]
[EventDate "2022.11.01"]
[EventType "swiss"]
[EventRounds "7"]
[EventCountry "CAN"]
[TimeControl "90/30:0"]

1. Nf3 Nf6 2. g3 b6 3. Bg2 Bb7 4. O-O e6 5. d4 c5 6. e3 Be7 7. c4 O-O 8. Nc3 d6
9. a3 Nbd7 10. Re1 a6 11. d5 exd5 12. Nxd5 Nxd5 13. cxd5 Bf6 14. e4 Ne5 15.
Nxe5 Bxe5 16. Rb1 b5 17. Be3 g6 18. f4 Bg7 19. Qd2 Re8 20. e5 c4 21. Bd4 Qc7
22. Qc3 Rad8 23. Rbd1 Qb8 24. Kf1 dxe5 25. Bxe5 Bxe5 26. fxe5 Qc8 27. Rd2 Qc5
28. Qd4 Qc8 29. d6 Bxg2+ 30. Kxg2 Re6 31. Rf1 Qc6+ 32. Kh3 Rde8 33. g4 Qd7 34.
Rdf2 Rxe5 35. Rxf7 Re3+ 36. R7f3 Rxf3+ 37. Rxf3 Re6 38. Rf6 Rxf6 39. Qxf6 a5
40. Qe5 Kf7 41. Qd5+ Kf6 42. Kg3 Qe6 43. g5+ Kf7 44. Qb7+ Ke8 45. Qxb5+ Qd7 46.
Qe5+ Kd8 47. Qxa5+ Ke8 48. Qe5+ Kf7 49. Qf6+ 1-0

[Event "Ruy Lopez"]
[Site "Gatineau CAN"]
[Date "2022.11.08"]
[Round "2"]
[White "Blais, Robert"]
[Black "Scrieciu, Cristian"]
[Result "0-1"]
[ECO "C02"]
[WhiteElo "1542"]
[BlackElo "1081"]
[PlyCount "77"]
[EventDate "2022.11.01"]
[EventType "swiss"]
[EventRounds "7"]
[EventCountry "CAN"]
[TimeControl "60+30"]

1. e4 c6 2. d4 d5 3. e5 c5 4. c3 Nc6 5. Be3 cxd4 6. cxd4 e6 7. Nf3 Nge7 8. Bd3
Qa5+ 9. Qd2 Nb4 10. Nc3 Nxd3+ 11. Qxd3 Nf5 12. Bd2 Qb6 13. Qb5+ Qc6 14. g4 Ne7
15. Rc1 Bd7 16. Qb3 Nc8 17. Ne2 Qb6 18. Qc3 Be7 19. h4 h6 20. h5 Qd8 21. Neg1
Nb6 22. b3 Rc8 23. Qb2 Rxc1+ 24. Qxc1 Qc8 25. Qxc8+ Nxc8 26. g5 hxg5 27. Nxg5
Bb5 28. f4 Kf8 29. Ne2 g6 30. h6 Kg8 31. Rh3 Bd8 32. Bb4 Ne7 33. Rc3 Nc6 34.
Bc5 Bxe2 35. Kxe2 Rxh6 36. a4 Rh4 37. Nh3 Ba5 38. b4 Bxb4 39. Rb3 0-1

[Event "Ruy Lopez"]
[Site "Gatineau CAN"]
[Date "2022.11.08"]
[Round "2"]
[White "Jacques, Olivier"]
[Black "Carle, Frederic"]
[Result "0-1"]
[ECO "B31"]
[WhiteElo "1282"]
[BlackElo "1278"]
[PlyCount "58"]
[EventDate "2022.11.01"]
[EventType "swiss"]
[EventRounds "7"]
[EventCountry "CAN"]
[TimeControl "60+30"]

1. e4 c5 2. Nf3 Nc6 3. Bb5 g6 4. O-O Bg7 5. c3 d5 6. exd5 Qxd5 7. Na3 Nf6 8.
Bc4 Qd8 9. Qb3 O-O 10. Qb5 Qd6 11. Qa4 Bf5 12. Qd1 Rad8 13. Re1 a6 14. Nc2 b5
15. Bf1 e5 16. b3 e4 17. Ne3 exf3 18. Nxf5 gxf5 19. Qxf3 Qd5 20. Qd1 Ne4 21.
Bb2 Qxd2 22. Qe2 Qxe2 23. Bxe2 Nxc3 24. Kf1 Nxe2 25. Bxg7 Kxg7 26. Rxe2 Rfe8
27. Rc2 Re5 28. f4 Red5 29. Ke1 Nb4 0-1

[Event "Ruy Lopez"]
[Site "Gatineau CAN"]
[Date "2022.11.08"]
[Round "2"]
[White "Lavergne, Daniel"]
[Black "Rioux, Jocelyn"]
[Result "0-1"]
[ECO "B10"]
[WhiteElo "1727"]
[BlackElo "1598"]
[PlyCount "64"]
[EventDate "2022.11.01"]
[EventType "swiss"]
[EventRounds "7"]
[EventCountry "CAN"]
[TimeControl "90+30"]

1. e4 c6 2. g3 d5 3. Bg2 dxe4 4. Bxe4 Nf6 5. Bf3 e5 6. d3 Bc5 7. Nc3 O-O 8. Qe2
Bf5 9. g4 Bg6 10. h4 h6 11. g5 hxg5 12. Bxg5 Qb6 13. O-O-O Nfd7 14. h5 Bh7 15.
Nh3 Bd4 16. h6 g6 17. Be7 Re8 18. Ba3 a5 19. Ne4 Qc7 20. Nd6 Re6 21. Nxf7 Rf6
22. Nfg5 Na6 23. Nxh7 Kxh7 24. Ng5+ Kh8 25. Ne4 Rf7 26. Rdg1 Rg8 27. Ng5 Rf5
28. h7 Re8 29. Be4 Rxf2 30. Qxf2 Bxf2 31. Bxg6 Bxg1 32. Bxe8 Be3+ 0-1

[Event "Ruy Lopez"]
[Site "Gatineau CAN"]
[Date "2022.11.08"]
[Round "2"]
[White "Roussel-Lewis, Mathieu"]
[Black "Legault, Stephane"]
[Result "1-0"]
[ECO "B13"]
[WhiteElo "1346"]
[BlackElo "1425"]
[PlyCount "123"]
[EventDate "2022.11.01"]
[EventType "swiss"]
[EventRounds "7"]
[EventCountry "CAN"]
[TimeControl "90+30"]

1. e4 c6 2. d4 d5 3. exd5 cxd5 4. Nf3 Nc6 5. h3 g6 6. c4 Bg7 7. Nc3 Nf6 8. Bf4
a6 9. Bd3 O-O 10. O-O Nb4 11. Be2 Bf5 12. a3 Nc6 13. Bd3 Bxd3 14. Qxd3 dxc4 15.
Qxc4 Rc8 16. Qd3 Re8 17. Rfe1 Nd5 18. Nxd5 Qxd5 19. Rad1 Na5 20. Be5 f6 21. Bf4
Nc4 22. Bc1 Rcd8 23. Qe4 Qb5 24. d5 Rd6 25. a4 Qc5 26. b3 Ne5 27. Be3 Nxf3+ 28.
Qxf3 Qb4 29. Bd2 Qb6 30. Bf4 e5 31. dxe6 Rxd1 32. Qxd1 Bf8 33. Qd7 Re7 34. Qc8
g5 35. Be3 Qxe6 36. Qxe6+ Rxe6 37. Kf1 Rc6 38. Rd1 Rc3 39. Rd8 b5 40. axb5 axb5
41. Rb8 b4 42. Bd4 Rc1+ 43. Ke2 Kg7 44. Kd2 Rc6 45. Kd3 h5 46. Ke4 Bd6 47. Rb7+
Kg6 48. Kd5 Ra6 49. Rb6 Rxb6 50. Bxb6 Be5 51. Bc5 Bc3 52. Kc4 Kf7 53. Bxb4 Bxb4
54. Kxb4 Ke7 55. Kc5 Kd7 56. Kb6 Kc8 57. b4 Kb8 58. b5 f5 59. g3 h4 60. gxh4
gxh4 61. f4 Ka8 62. Kc7 1-0

[Event "Ruy Lopez"]
[Site "Gatineau CAN"]
[Date "2022.11.15"]
[Round "3"]
[White "Carle, Frederic"]
[Black "Legault, Stephane"]
[Result "0-1"]
[ECO "B07"]
[WhiteElo "1278"]
[BlackElo "1425"]
[PlyCount "56"]
[EventDate "2022.11.01"]
[EventType "swiss"]
[EventRounds "7"]
[EventCountry "CAN"]
[TimeControl "90+30"]

1. e4 d6 2. d4 Nf6 3. Nc3 g6 4. Be3 Bg7 5. Be2 O-O 6. Qd2 Nbd7 7. Bh6 e5 8. d5
Nc5 9. f3 Nh5 10. g4 Qh4+ 11. Kd1 Ng3 12. Bg5 Qxg5 13. Qxg5 Nxh1 14. Qe3 f5 15.
Nh3 fxg4 16. fxg4 Bxg4 17. Qg1 Bxh3 18. Qxh1 Rf2 19. Kd2 Bh6+ 20. Kd1 Raf8 21.
Nb1 Bg2 22. Qe1 Nxe4 23. Qb4 R2f4 24. c4 Nc5 25. b3 Bxd5 26. Nc3 Rd4+ 27. Kc2
Rd2+ 28. Kb1 Be6 0-1

[Event "Ruy Lopez"]
[Site "Gatineau CAN"]
[Date "2022.11.15"]
[Round "3"]
[White "Hamon, Vincent"]
[Black "Simard, Francois"]
[Result "0-1"]
[ECO "D00"]
[WhiteElo "1451"]
[BlackElo "1386"]
[PlyCount "68"]
[EventDate "2022.11.01"]
[EventType "swiss"]
[EventRounds "7"]
[EventCountry "CAN"]
[TimeControl "5400+30"]

1. d4 d5 2. Nc3 Nf6 3. Bf4 a6 4. e3 c5 5. Nf3 Nc6 6. Bd3 e6 7. O-O Bd6 8. Bxd6
Qxd6 9. Re1 O-O 10. e4 dxe4 11. Nxe4 Nxe4 12. Rxe4 h6 13. c3 b5 14. dxc5 Qxc5
15. Nd4 Bb7 16. Nxc6 Bxc6 17. Rd4 Bd5 18. Qh5 Qc6 19. Rg4 Kh8 20. Qe5 Rg8 21.
Rh4 f6 22. Qf4 Rgd8 23. Bg6 Ra7 24. Qg4 Rad7 25. h3 Qc7 26. a3 Bb3 27. g3 Rd1+
28. Rxd1 Rxd1+ 29. Kg2 Bd5+ 30. f3 Rd2+ 31. Kf1 Bc4+ 32. Kg1 Qc5+ 33. Qd4 Rxd4
34. Rxd4 e5 0-1